 Dungeon Crawl Stone Soup version 0.30-a0-782-ge64f9170bb (webtiles) character file.

Game seed: 7525752700351659406

1449 HoaS the Skirmisher (level 8, -3/44 HPs)
             Began as a Gargoyle Hunter on Mar 16, 2023.
             Was a Priest of Zin.
             Shot with a sling bullet by Joseph (11 damage)
             ... on level 7 of the Dungeon.
             The game lasted 00:11:43 (5591 turns).

HoaS the Skirmisher (Gargoyle Hunter)               Turns: 5591, Time: 00:11:43

Health: -3/44      AC: 12    Str: 14    XL:     8   Next: 75%
Magic:  11/11      EV: 11    Int: 11    God:    Zin [***...]
Gold:   540        SH:  0    Dex: 15    Spells: 7/7 levels left

rFire   + . .      SeeInvis .    a - +1 shortbow
rCold   . . .      Faith    .    (shield currently unavailable)
rNeg    + + .      Spirit   .    c - +1 leather armour
rPois   ∞          Reflect  .    (no helmet)
rElec   +          Harm     .    v - scarf {+Inv}
rCorr   .          Rampage  .    w - +2 pair of gloves
Will    .....                    (no boots)
Stlth   ++                       x - amulet of the acrobat
HPRegen 0.27/turn                h - ring of protection from fire
MPRegen 0.12/turn                s - ring of positive energy

@: no status effects
A: sickness immunity, AC +5, negative energy resistance 1, electricity
resistance, torment resistance 1, petrification resistance
a: Renounce Religion, Evoke Invisibility, Recite, Vitalisation, Imprison, Donate
Gold


You were on level 7 of the Dungeon.
You worshipped Zin.
Zin was most pleased with you.
You visited 2 branches of the dungeon, and saw 9 of its levels.
You also visited: Ossuary.

You collected 599 gold pieces.
You donated 59 gold pieces to Zin.

Inventory:

Hand Weapons
 a - a +1 shortbow (weapon)
Armour
 c - a +1 leather armour (worn)
 v - a scarf of invisibility (worn)
 w - a +2 pair of gloves (worn)
 y - +0 acid dragon scales
Jewellery
 h - a ring of protection from fire (left hand)
 j - a ring of protection from fire
 s - a ring of positive energy (right hand)
 x - an amulet of the acrobat (around neck)
Wands
 i - a wand of paralysis (28)
 p - a wand of flame (11)
Scrolls
 b - 2 scrolls of immolation
 q - a scroll of silence
 t - 2 scrolls of fog
Potions
 d - 3 potions of curing
 e - a potion of cancellation {unknown}
 f - a potion of ambrosia
 g - 5 potions of flight
 k - a potion of berserk rage {unknown}
 m - 2 potions of resistance {unknown}
 n - 3 potions of attraction {unknown}
 o - 5 potions of heal wounds
 r - a potion of mutation {unknown}
 u - 2 potions of degeneration {unknown}


   Skills:
 - Level 2.1 Fighting
 * Level 10.6 Ranged Weapons
 - Level 1.5 Dodging
 - Level 1.1 Stealth
 - Level 4.0 Invocations


You had 7 spell levels left.
You didn't know any spells.
Your spell library contained the following spells:

 Spells                   Type           Power      Damage    Failure   Level
 Foxfire                  Conj/Fire      0%         2x1d4     41%         1
 Freeze                   Ice            0%         1d3       41%         1
 Sandblast                Erth           0%         2d4       41%         1
 Summon Small Mammal      Summ           0%         N/A       41%         1
 Ensorcelled Hibernation  Hex/Ice        0%         N/A       56%         2
 Passwall                 Tmut/Erth      0%         N/A       56%         2
 Call Canine Familiar     Summ           0%         N/A       80%         3
 Frozen Ramparts          Ice            0%         1d1       80%         3
 Hailstorm                Conj/Ice       0%         3d3       80%         3
 Spider Form              Tmut/Pois      0%         N/A       80%         3
 Stone Arrow              Conj/Erth      0%         3d7       80%         3
 Summon Guardian Golem    Hex/Summ       0%         N/A       80%         3
 Anguish                  Hex/Necr       0%         N/A       99%         4
 Ice Form                 Ice/Tmut       0%         N/A       99%         4
 Passage of Golubria      Tloc           0%         N/A       99%         4
 Summon Ice Beast         Ice/Summ       0%         N/A       99%         4
 Fireball                 Conj/Fire      0%         3d3       100%        5
 Silence                  Hex/Air        0%         N/A       100%        5
 Starburst                Conj/Fire      0%         6d3       100%        6
 Lehudib's Crystal Spear  Conj/Erth      0%         10d2      100%        8


Dungeon Overview and Level Annotations

Branches:
Dungeon (8/15)             Temple (1/1) D:5         Ossuary (visited)
   Lair: D:8-11

Altars:
Ashenzari
Cheibriados
Dithmenos
Elyvilon
Fedhas
Gozag
Hepliaklqana
Kikubaaqudgha
Makhleb
Okawaru
Qazlal
Ru
Sif Muna
Trog
Uskayaw
Vehumet
Wu Jian
Xom
Yredelemnul
Zin
The Shining One

Shops:
D:1 =

Annotations:
D:7 Joseph


Innate Abilities, Weirdness & Mutations

You are immune to sickness and miasma.
Your stone body is resilient. (AC +5)
You are immune to poison.
You resist negative energy. (rN+)
You are resistant to electric shocks. (rElec)
You are resistant to unholy torment.
You are immune to petrification.


Message History

You shoot an arrow.
The arrow hits the gnoll sergeant but does no damage.
The gnoll sergeant hits you from afar with a +4 spear.
There is a stone staircase leading up here.
You shoot an arrow.
The arrow hits the gnoll sergeant but does no damage.
You hear a shout!
The gnoll sergeant hits you but does no damage.
You hear a loud, deep croak!
You shoot an arrow.
The arrow hits the gnoll sergeant but does no damage.
The gnoll sergeant hits you but does no damage.
You shoot an arrow.
The arrow hits the gnoll sergeant but does no damage.
A gnoll comes into view. It is wielding a +0 halberd.
The gnoll sergeant misses you.
A gnoll comes into view. It is wielding a +0 halberd.
You shoot an arrow. The arrow hits the gnoll sergeant.
The gnoll sergeant is lightly wounded.
The gnoll sergeant barely misses you.
You shoot an arrow.
The arrow hits the gnoll sergeant but does no damage.
The gnoll sergeant is lightly wounded.
The gnoll sergeant hits you but does no damage.
You shoot an arrow.
The arrow barely misses the gnoll sergeant.
The gnoll sergeant hits you from afar with a +4 spear.
You shoot an arrow. The arrow hits the gnoll sergeant.
The gnoll sergeant is heavily wounded.
The gnoll hits you from afar with a +0 halberd!
The gnoll sergeant hits you but does no damage.
The gnoll hits you from afar with a +0 halberd!
The gnoll sergeant hits you from afar with a +4 spear.
* * * LOW HITPOINT WARNING * * *
You climb upwards.
Level annotation: Joseph Joseph unwields a +2 quarterstaff of distortion.
Its appearance distorts for a moment.
Joseph wields a +0 sling.
Joseph shoots a sling bullet.
The sling bullet hits you!
You die...

### #<# #.#
#.# #.###
#@..# #.#.#
#...#######
#.........+
##.#'#######
#.....#
#.....#
#....@#
##+#.##


You could see Joseph.

Vanquished Creatures
  Maggie (D:7)
  Sigmund (D:5)
  An acid dragon (D:7)
  2 sky beasts (D:6)
  An ogre (D:6)
  A scorpion (D:4)
  A killer bee (D:6)
  A howler monkey (D:4)
  2 jellies
  2 hounds (D:5)
  2 iguanas (D:6)
  An orc wizard (D:4)
  8 mummies (Ossuary)
  A gnoll (D:8)
  7 adders
  2 shadow imps
  3 ufetubi
  3 dart slugs
  3 worms
  12 orcs
  5 ball pythons
  3 bats
  7 endoplasms
  4 giant cockroaches
  3 goblins
  7 hobgoblins
  6 quokkas
  4 frilled lizards
  A goblin zombie (D:4)
  4 kobolds
  3 kobold zombies (Ossuary)
  5 orc zombies (Ossuary)
  5 rats
  A rat zombie (D:4)
113 creatures vanquished.

Notes
Turn   | Place    | Note
-------+----------+-------------------------------------------
     0 | D:1      | HoaS the Gargoyle Hunter began the quest for the Orb.
     0 | D:1      | Reached XP level 1. HP: 12/12 MP: 1/1
    91 | D:1      | Reached XP level 2. HP: 17/17 MP: 2/2
   362 | D:1      | Found Ehibro's Jewellery Emporium.
   488 | D:1      | Reached XP level 3. HP: 21/21 MP: 3/3
   916 | D:2      | Reached skill level 5 in Ranged Weapons
   983 | D:2      | Found a shimmering altar of Xom.
  1231 | D:2      | Identified the +0 chain mail of Heivedgh {Will- Regen+
                  | SInv}
  1367 | D:3      | Reached XP level 4. HP: 26/26 MP: 4/4
  1909 | D:3      | Reached skill level 6 in Ranged Weapons
  2130 | D:4      | Reached XP level 5. HP: 30/30 MP: 5/5
  2173 | D:4      | Found a sand-covered staircase.
  2183 | Ossuary  | Entered an ossuary
  2343 | Ossuary  | Reached skill level 7 in Ranged Weapons
  2343 | Ossuary  | Reached XP level 6. HP: 35/35 MP: 6/6
  3479 | D:5      | Entered Level 5 of the Dungeon
  3534 | D:5      | Reached skill level 8 in Ranged Weapons
  3695 | D:5      | Reached XP level 7. HP: 40/40 MP: 7/7
  3828 | D:5      | Found a staircase to the Ecumenical Temple.
  3837 | Temple   | Entered the Ecumenical Temple
  4007 | Temple   | Became a worshipper of Zin the Law-Giver
  4007 | Temple   | Reached * piety under Zin
  4007 | Temple   | Reached ** piety under Zin
  4187 | D:5      | Noticed Sigmund
  4200 | D:5      | Killed Sigmund
  4207 | D:5      | Reached skill level 9 in Ranged Weapons
  4375 | D:6      | Reached skill level 1 in Invocations
  4427 | D:6      | Reached XP level 8. HP: 41/44 MP: 7/9
  5261 | D:7      | Reached *** piety under Zin
  5288 | D:7      | Reached skill level 10 in Ranged Weapons
  5290 | D:7      | Noticed Maggie
  5291 | D:7      | Noticed Joseph
  5383 | D:7      | Killed Maggie
  5591 | D:7      | Shot with a sling bullet by Joseph

Illustrated notes

Levels and vault maps discovered:
D:1:      ncdulo_halloftheorcs, layout_loops_ring, serial_shops,
          nicolae_lakefront_shop, minmay_ruptured
D:2:      cheibrodos_old_hovel, layout_basic, basic_altar
D:3:      layout_loops_ring, hangedman_decor_points, st_stairs_7
D:4:      layout_basic, enter_ossuary_4, grunt_ministairs_4,
          minmay_misc_feat_hallway, chequers_serial_rivers_small_3
D:5:      layout_basic, minmay_temple_entry_tees, dk_noncrumbling_4,
          kennysheep_generic_room_12, uniq_sigmund
D:6:      layout_gridville
D:7:      layout_basic, uniq_crazy_yiuf_cottage, uniq_joseph, uniq_maggie
D:8:      layout_cave_pools, serial_rivers, chequers_serial_rivers_small_3,
          chequers_serial_rivers_micro_e, chequers_serial_rivers_small_3,
          chequers_serial_rivers_room_b, chequers_serial_rivers_room_b,
          chequers_serial_rivers_large_b, uniq_psyche
Temple:   nicolae_temple_bog_church

Skill      XL: |  1  2  3  4  5  6  7  8 |
---------------+-------------------------+-----
Ranged Weapons | 5 6 7 8 9 10 | 10.6
Invocations    | 1 4 |  4.0
Fighting       | |  2.1
Dodging        | |  1.5
Stealth        | |  1.1

Action                     |  1- 3 |  4- 6 |  7- 9 || total
---------------------------+-------+-------+-------++-------
   Fire: Shortbow          |   106 |   241 |   174 ||   521
    Use: Scroll            |     6 |     9 |     4 ||    19
         Potion            |       |       |     4 ||     4
 Armour: Leather armour    |    23 |    45 |    52 ||   120
  Dodge: Dodged            |    23 |    52 |    59 ||   134

Table legend: (Time is in decaauts)
 A = Elapsed time spent in this place.
 B = Non-inter-level travel time spent in this place.
 C = Inter-level travel time spent in this place.
 D = Time resting spent in this place.
 E = Time spent auto-exploring this place.
 F = Levels seen in this place.
 G = Mean time per level.
                   A        B        C        D        E       F      G
               +--------+--------+--------+--------+--------+-----+--------+
         Total |   5652 |   5355 |    297 |    501 |   3811 |  10 |  565.2 |
       Dungeon |   5138 |   4852 |    286 |    457 |   3536 |   8 |  642.2 |
        Temple |    199 |    189 |     10 |      0 |    144 |   1 |  199.0 |
       Ossuary |    313 |    313 |      0 |     44 |    131 |   1 |  313.0 |
               +--------+--------+--------+--------+--------+-----+--------+

Top non-repeatable levels by time:
     D:4: 1100 daAuts
     D:6: 875 daAuts
     D:1: 808 daAuts
     D:3: 799 daAuts
     D:5: 654 daAuts
     D:2: 541 daAuts
     D:7: 339 daAuts
 Ossuary: 313 daAuts
  Temple: 199 daAuts
     D:8: 19 daAuts
